 Dungeon Crawl Stone Soup version 0.30.0-29-ga12c61a403 (webtiles) character file.

Game seed: 111214184456994341

89 monsoonserge the Slasher (level 4, -7/35 HPs)
             Began as a Demonspawn Monk on June 11, 2023.
             Mangled by Terence
             ... wielding a +0 trident
              (8 damage)
             ... on level 2 of the Dungeon.
             The game lasted 00:04:02 (1251 turns).

monsoonserge the Slasher (Demonspawn Monk)          Turns: 1251, Time: 00:04:03

Health: -7/35      AC:  6    Str: 11    XL:     4   Next: 31%
Magic:  4/4        EV: 13    Int: 14    God:
Gold:   80         SH:  0    Dex: 15    Spells: 3/3 levels left

rFire   . . .        a - +0 falchion
rCold   . . .        d - orb {light}
rNeg    . . .        k - +0 ring mail
rPois   .            (no helmet)
rElec   .            (no cloak)
rCorr   .            l - +0 pair of gloves
SInv    .            (no boots)
Will    .....        (no amulet)
Stlth   +            (no ring)
HPRegen 0.25/turn    (no ring)
MPRegen 0.18/turn

%: no passive effects
@: glowing
A: repulsion field 1, magic regeneration
a: no special abilities


You were on level 2 of the Dungeon.
You visited 1 branch of the dungeon, and saw 3 of its levels.

You collected 80 gold pieces.

Inventory:

Hand Weapons
 a - a +0 falchion (weapon)
 f - a +0 dagger of venom
Missiles
 e - 8 stones (quivered)
 n - 2 datura-tipped darts
 p - a throwing net
Armour
 b - a +0 robe
 d - an orb of light (worn)
 k - a +0 ring mail (worn)
 l - a +0 pair of gloves (worn)
Scrolls
 g - a scroll of teleportation {unknown}
 h - a scroll of vulnerability {unknown}
 i - a scroll of magic mapping {unknown}
 m - 2 scrolls of identify {unknown}
Potions
 c - a potion of ambrosia
 j - a potion of mutation {unknown}
 o - a potion of magic {unknown}
 q - a potion of might {unknown}


   Skills:
 + Level 3.4 Fighting
 + Level 3.7 Long Blades
 + Level 0.7 Armour
 + Level 3.3 Dodging
 + Level 0.7 Stealth


You had 3 spell levels left.
You didn't know any spells.
Your spell library contained the following spells:

 Spells                   Type           Power      Damage    Failure   Level
 Dazzling Flash           Conj/Hex       0%         N/A       91%         3
 Volatile Blastmotes      Fire/Tloc      0%         2d10      91%         3
 Iskenderun's Mystic Bla  Conj/Tloc      0%         2d3       100%        4
 Starburst                Conj/Fire      0%         6d3       100%        6


Dungeon Overview and Level Annotations

Branches:
Dungeon (3/15)

Altars:

Shops:
D:2 *[

Annotations:
D:2 Terence


Innate Abilities, Weirdness & Mutations

You are surrounded by a mild repulsion field. (EV +2)
You regenerate magic rapidly.


Message History

You hit Terence but do no damage. Terence hits you but does no damage.
You barely miss Terence. Terence barely misses you.
You hit Terence.
Terence is lightly wounded.
Terence barely misses you.
You hit Terence but do no damage.
Terence is lightly wounded.
Terence hits you with a +0 trident.
You hit Terence.
Terence is moderately wounded.
Terence completely misses you.
You hit Terence but do no damage.
Terence is moderately wounded.
Terence hits you but does no damage.
You hit Terence.
Terence is moderately wounded.
Terence closely misses you. Terence hits you with a +0 trident.
You hit Terence but do no damage.
Terence is moderately wounded.
Terence hits you but does no damage.
You hit Terence.
Terence is heavily wounded.
Terence hits you with a +0 trident!
* * * LOW HITPOINT WARNING * * *
You hit Terence but do no damage.
Terence is heavily wounded.
Terence hits you with a +0 trident.
* * * LOW HITPOINT WARNING * * *
Unknown command.
You barely miss Terence.
Terence is heavily wounded.
Terence closely misses you.
You hit Terence.
Terence is heavily wounded.
Terence hits you with a +0 trident.
* * * LOW HITPOINT WARNING * * *
You slash Terence!
Terence is almost dead.
Terence hits you with a +0 trident!
You die...

..# #.# #######.#
#.....#.# #
#.....#.######## #
#.##.....#........# #
#.................# #
###$....#........# #
#..@).#........#####
......@...#.............
......############......
...... #...... .....
#...... ..... #......
#### #...... #######


You could see Terence.

Vanquished Creatures
  3 gnolls (D:2)
  2 adders (D:2)
  2 worms (D:2)
  4 ball pythons
  3 endoplasms (D:1)
  6 goblins
  A hobgoblin (D:1)
  3 jackals (D:2)
  A quokka (D:1)
  5 bats
  A frilled lizard (D:1)
  3 kobolds
  5 rats
39 creatures vanquished.

Notes
Turn   | Place    | Note
-------+----------+-------------------------------------------
     0 | D:1      | monsoonserge the Demonspawn Monk began the quest for the
                  | Orb.
     0 | D:1      | Reached XP level 1. HP: 18/18 MP: 1/1
   154 | D:1      | Gained mutation: You regenerate magic rapidly. [demonic
                  | ancestry]
   154 | D:1      | Reached XP level 2. HP: 24/24 MP: 2/2
   733 | D:2      | Found Cair's Armour Shoppe.
   760 | D:2      | Found Seczotac's General Store.
   770 | D:2      | Gained mutation: You are surrounded by a mild repulsion
                  | field. (EV +2) [demonic ancestry]
   770 | D:2      | Reached XP level 3. HP: 26/29 MP: 3/3
  1114 | D:2      | Reached XP level 4. HP: 29/35 MP: 4/4
  1231 | D:2      | Noticed Terence
  1250 | D:2      | HP: 1/35 [Terence/+0 trident (4)]
  1251 | D:2      | Mangled by Terence

Illustrated notes

Levels and vault maps discovered:
D:1:      ldierk_walled_garden, layout_basic, minmay_quantized
D:2:      wander_river, layout_basic, basic_altar, serial_shops,
          nicolae_shop_statue_plus, nicolae_shop_hallway_stairs,
          nicolae_shop_hallway_plus, shop, dreamdust_wishing_well, uniq_terence
D:3:      layout_basic, minmay_ogre_servants, uniq_natasha

Skill      XL: |  1  2 |
---------------+-------+-----
Long Blades    | 3 |  3.7
Dodging        | 3 |  3.3
Fighting       | |  3.4
Armour         | |  0.7
Stealth        | |  0.7

Action                     |  1- 3 |  4- 6 || total
---------------------------+-------+-------++-------
  Melee: Falchion          |    80 |    39 ||   119
  Throw: Stone             |     1 |       ||     1
 Armour: Robe              |     8 |       ||     8
         Ring mail         |    12 |     7 ||    19
  Dodge: Dodged            |    49 |    17 ||    66
